 Dungeon Crawl Stone Soup version 0.26.0-10-g1f06aea511 (webtiles) character file.

Game seed: 8842192415458027046

36 sanka the Magician (level 3, 0/24 HPs)
             Began as a Barachi Hedge Wizard on Jan 22, 2021.
             Succumbed to an adder's poison
             ... on level 2 of the Dungeon.
             The game lasted 00:02:06 (1315 turns).

sanka the Magician (Barachi Hedge Wizard)           Turns: 1315, Time: 00:02:06

Health: 0/24       AC:  3    Str:  8 (11) XL:     3   Next: 37%
Magic:  2/8        EV: 12    Int: 13 (15) God:
Gold:   106        SH:  0    Dex:  8 (11) Spells: 7/10 levels left

rFire    + . .     SeeInvis .   a - +0 dagger
rCold    + . .     Faith    .   (no shield)
rNeg     . . .     Spirit   .   b - +0 robe
rPois    +         Reflect  .   c - +0 hat
rElec    +         Harm     .   (no cloak)
rCorr    +         Rampage  .   (no gloves)
Will     .....                  d - +0 pair of boots
Stlth    +.........             (no amulet)
HPRegen  0.08/turn              (no ring)
MPRegen  0.11/turn              (no ring)

@: lethally poisoned (0 -> -3), resistant, very slightly contaminated, slow
A: +LOS, swims, slowness 1, strong legs 1
a: Hop


You were on level 2 of the Dungeon.
You visited 1 branch of the dungeon, and saw 2 of its levels.

You collected 106 gold pieces.


Innate Abilities, Weirdness & Mutations

You can be seen from farther away. (+LOS)
You can swim through water.
You cover ground slowly.
You can hop short distances.


   Skills:
 - Level 2.1 Dodging
 - Level 1.7 Stealth
 - Level 4.0 Spellcasting
 - Level 1.1 Conjurations
 + Level 2.9 Summonings
 - Level 1.1 Translocations


You had 7 spell levels left.
You knew the following spells:

 Your Spells              Type           Power        Failure   Level
x - Call Imp              Summ           10%          10%         2
z - Magic Dart            Conj           20%          13%         1

Your spell library contained the following spells:

 Spells                   Type           Power        Failure   Level
 Blink                    Tloc           N/A          21%         2
 Slow                     Hex            2%           30%         2
 Conjure Flame            Conj/Fire      4%           45%         3
 Mephitic Cloud           Conj/Pois/Air  3%           47%         3

Inventory:

Hand Weapons
 a - a +0 dagger (weapon)
Armour
 b - a +0 robe (worn)
 c - a +0 hat (worn)
 d - a +0 pair of boots (worn)
Scrolls
 e - a scroll of random uselessness {unknown}
 g - a scroll of fear {unknown}
 h - a scroll of immolation {unknown}
 i - a scroll of teleportation {unknown}
 j - a scroll of blinking {unknown}
 l - 2 scrolls of identify {unknown}

Dungeon Overview and Level Annotations

Branches:
Dungeon (2/15)

Altars:

▒.▒▒......▒ ▒...▒▒▒
▒▒.▒.▒.▒▒▒▒ ..!... ▒▒...▒▒
▒▒....▒▒▒▒ ▒▒.▒▒ ▒.........
▒.▒ ▒.......▒ ▒.▒▒▒
▒.......▒
▒.▒.▒▒▒▒▒▒▒▒▒(......▒
▒▒▒▒▒▒▒▒..▒....K...†......[▒
▒...........F.▒▒▒▒▒▒.......▒
▒.▒▒▒▒▒▒▒▒.▒..▒ ▒.......▒
▒.▒ ▒▒▒▒.▒..▒ ▒..▒▒.▒▒▒ ▒.▒
▒....▒.>▒ ▒..▒▒.▒▒▒ ▒.▒
▒.▒▒▒▒..▒ ▒..▒▒.▒.. ▒.▒ ▒.▒
▒..▒ ▒..▒....▒ ▒.▒ ▒.▒
▒..▒▒▒▒▒▒..>....▒▒
▒.▒▒▒▒▒.▒▒▒▒......▒
▒.▒....▒▒
▒..<.........▒▒▒▒.▒▒▒ ▒...▒.


You could see a kobold.


Message History

The adder bites you but does no damage.
The kobold throws a stone.
The stone hits you.
* * * LOW HITPOINT WARNING * * *
Aiming: Magic Dart (safe; 12% risk of failure)
Aim: an adder (severely wounded, 0% to evade)
The magic dart hits the adder.
The adder is almost dead.
The adder bites you.
* * * LOW HITPOINT WARNING * * *
The adder barely misses you.
Unknown command.
Unknown command.
You feel sick. The adder bites you.
* * * LOW HITPOINT WARNING * * *
You hit the adder.
You kill the adder!
* * * LOW HITPOINT WARNING * * *
You feel sick.
It was a potion of degeneration.
There was something very wrong with that liquid.
You feel weakened.
You feel dopey.
You feel clumsy.
It was a potion of resistance.
You feel protected.
* * * LOW HITPOINT WARNING * * *
You feel sick.
You die...

Action                   || total
-------------------------++-------
Melee: Dagger            ||    44
 Cast: Magic Dart        ||    41
  Use: Potion            ||     2
Armor: Robe              ||    15
Dodge: Dodged            ||    48

Levels and vault maps discovered:
D:1:      amcnicky_arrival_wind_blow, layout_rooms
D:2:      layout_loops_ring, chequers_temple_overflow_minitemple,
          minmay_fountain_box, chequers_serial_rivers_micro_a,
          kennysheep_generic_room_14

Notes
Turn   | Place    | Note
-------+----------+-------------------------------------------
     0 | D:1      | sanka the Barachi Hedge Wizard began the quest for the Orb.
     0 | D:1      | Reached XP level 1. HP: 13/13 MP: 4/4
   351 | D:1      | Reached XP level 2. HP: 19/19 MP: 2/6
   391 | D:1      | Learned a level 2 spell: Call Imp
   624 | D:1      | Reached skill level 4 in Spellcasting
  1018 | D:2      | Reached skill level 2 in Summonings
  1018 | D:2      | Reached XP level 3. HP: 19/24 MP: 0/8
  1306 | D:2      | HP: 2/24 [adder (5)]
  1311 | D:2      | Identified a potion of resistance
  1312 | D:2      | HP: 1/24 [poisoned by an adder]
  1315 | D:2      | Succumbed to an adder's poison

Vanquished Creatures
  2 adders (D:2)
  A leopard gecko (D:1)
  2 bats (D:1)
  2 giant cockroaches (D:1)
  3 goblins
  A hobgoblin (D:1)
  A frilled lizard (D:2)
  4 kobolds (D:1)
  2 rats (D:1)
18 creatures vanquished.

Table legend: (Time is in decaauts)
 A = Elapsed time spent in this place.
 B = Non-inter-level travel time spent in this place.
 C = Inter-level travel time spent in this place.
 D = Time resting spent in this place.
 E = Time spent auto-exploring this place.
 F = Levels seen in this place.
 G = Mean time per level.
                   A        B        C        D        E       F      G
               +--------+--------+--------+--------+--------+-----+--------+
         Total |   1431 |   1428 |      3 |    595 |    624 |   2 |  715.5 |
       Dungeon |   1431 |   1428 |      3 |    595 |    624 |   2 |  715.5 |
               +--------+--------+--------+--------+--------+-----+--------+

Top non-repeatable levels by time:
     D:1: 1035 daAuts
     D:2: 395 daAuts
